 Dungeon Crawl Stone Soup version 0.30.1-4-g462c640d31 (webtiles) character file.

Game seed: 14404492240191931213

36710 spardeous the Thaumaturge (level 13, 0/108 HPs)
             Began as a Demigod Conjurer on Aug 17, 2023.
             Slain by a blink frog (15 damage)
             ... on level 5 of the Lair of Beasts.
             The game lasted 00:33:00 (23821 turns).

spardeous the Thaumaturge (Demigod Conjurer)       Turns: 23821, Time: 00:33:00

Health: 0/108      AC:  9    Str: 20    XL:     13   Next: 22%
Magic:  4/44       EV: 13    Int: 32    God:
Gold:   473        SH:  5    Dex: 12    Spells: 21/38 levels left

rFire   + . .        E - +1 great mace "Bohue" {flame, rN+}
rCold   . . .        (shield currently unavailable)
rNeg    + . .        S - +0 steam dragon scales
rPois   .            (no helmet)
rElec   +            (no cloak)
rCorr   .            J - +0 pair of gloves
SInv    +            e - +2 pair of boots {rampage}
Will    +....        x - amulet of Jaubbeak {Reflect rF+ SH+5 Stlth+}
Stlth   +++          u - ring "Qymiafa" {rElec rF+ MP+9 Slay+2 SInv}
HPRegen 0.38/turn    P - ring "Jeikhloni" {Wiz Fly rF- Int+8}
MPRegen 0.29/turn

%: reflection, rampage, wizardry (x1)
@: flying, hasted, very quick
A: high MP 1, forlorn, divine attributes
a: no special abilities


You were on level 5 of the Lair of Beasts.
You visited 2 branches of the dungeon, and saw 16 of its levels.
You also visited: Bailey.

You collected 774 gold pieces.
You spent 301 gold pieces at shops.

Inventory:

Hand Weapons
 E - the +1 great mace "Bohue" (weapon) {flame, rN+}
   (You took it off an ogre on level 4 of the Dungeon)

   rN:        It protects you from negative energy.
 Z - a +4 war axe
Armour
 e - a +2 pair of boots of rampaging (worn)
 J - a +0 pair of gloves (worn)
 O - the +10 plate armour "Rocor" {rElec}
   (You found it on level 8 of the Dungeon)

   rElec:     It insulates you from electricity.
 S - +0 steam dragon scales (worn)
 V - an orb of light
Jewellery
 a - a ring of positive energy
 n - an amulet of guardian spirit
 q - a ring of poison resistance
 u - the ring "Qymiafa" (left hand) {rElec rF+ MP+9 Slay+2 SInv}
   (You acquired it on level 5 of the Lair of Beasts)

   [ring of magical power]

   Slay:      It affects your accuracy & damage with ranged weapons and melee
   (+2).
   rF:        It protects you from fire.
   rElec:     It insulates you from electricity.
   MP:        It affects your magic capacity (+9).
   SInv:      It lets you see invisible.
 x - the amulet of Jaubbeak (around neck) {Reflect rF+ SH+5 Stlth+}
   (You acquired it on level 12 of the Dungeon)

   [amulet of reflection]

   It reflects blocked missile attacks.
   rF:        It protects you from fire.
   SH:        It affects your SH (+5).
   Stlth:     It makes you more stealthy.
 y - a ring of protection from cold
 F - a ring of protection from cold
 P - the ring "Jeikhloni" (right hand) {Wiz Fly rF- Int+8}
   (You found it on level 9 of the Dungeon)

   [ring of wizardry]

   It improves your spell success rate.
   Int:       It affects your intelligence (+8).
   rF:        It makes you vulnerable to fire.
   Fly:       It grants you flight.
 U - a +5 ring of evasion
Wands
 B - a wand of acid (2)
 L - a wand of flame (17)
 M - a wand of iceblast (7)
 T - a wand of digging (3)
Scrolls
 c - a scroll of magic mapping {unknown}
 d - a scroll of acquirement
 h - 9 scrolls of enchant armour
 i - 2 scrolls of amnesia {unknown}
 j - 4 scrolls of vulnerability
 k - a scroll of silence
 m - 7 scrolls of immolation
 r - a scroll of teleportation
 w - 3 scrolls of blinking {unknown}
 A - 2 scrolls of fear {unknown}
 C - 5 scrolls of enchant weapon
 D - 2 scrolls of poison {unknown}
 H - 4 scrolls of fog {unknown}
 N - a scroll of noise
 Y - 5 scrolls of summoning
Potions
 b - a potion of curing
 f - a potion of cancellation {unknown}
 g - 2 potions of haste
 l - 2 potions of attraction {unknown}
 o - 2 potions of lignification {unknown}
 p - a potion of berserk rage {unknown}
 s - 3 potions of degeneration {unknown}
 t - 5 potions of brilliance {unknown}
 z - 3 potions of mutation {unknown}
 G - 2 potions of might {unknown}
 I - 2 potions of ambrosia {unknown}
 Q - a potion of flight {unknown}
 R - 2 potions of resistance
 W - 2 potions of invisibility
 X - 3 potions of heal wounds {unknown}


   Skills:
 + Level 8.5 Fighting
 - Level 1.1 Throwing
 - Level 5.0 Dodging
 - Level 1.7 Stealth
 - Level 13.0 Spellcasting
 - Level 12.0 Conjurations
 - Level 7.0 Translocations


You had 21 spell levels left.
You knew the following spells:

 Your Spells              Type           Power      Damage    Failure   Level
a - Magic Dart            Conj           100%       1d8       0%          1
b - Searing Ray           Conj           100%       2d8       0%          2
c - Iskenderun's Mystic   Conj/Tloc      70%        2d14      1%          4
d - Passwall              Tmut/Erth      16%        N/A       1%          2
e - Airstrike             Air            10%        2d(2-18)  9%          4
x - Manifold Assault      Tloc           60%        N/A       1%          4

Your spell library contained the following spells:

 Spells                   Type           Power      Damage    Failure   Level
 Freeze                   Ice            80%        1d9       1%          1
 Blink                    Tloc           100%       N/A       1%          2
 Call Imp                 Summ           40%        N/A       1%          2
 Ensorcelled Hibernation  Hex/Ice        40%        N/A       1%          2
 Static Discharge         Conj/Air       100%       2-7/arc   1%          2
 Dazzling Flash           Conj/Hex       100%       N/A       1%          3
 Hailstorm                Conj/Ice       56%        3d12      1%          3
 Mephitic Cloud           Conj/Pois/Air  46%        N/A       1%          3
 Portal Projectile        Hex/Tloc       86%        N/A       1%          3
 Fulminant Prism          Conj/Hex       28%        3d14      1%          4
 Call Canine Familiar     Summ           20%        N/A       2%          3
 Frozen Ramparts          Ice            40%        1d7       2%          3
 Swiftness                Air            20%        N/A       2%          3
 Leda's Liquefaction      Hex/Erth       10%        N/A       9%          4
 Summon Lightning Spire   Summ/Air       20%        N/A       9%          4
 Storm Form               Tmut/Air       10%        N/A       99%         7


Dungeon Overview and Level Annotations

Branches:
Dungeon (12/15)            Temple (0/1) D:5            Lair (5/5) D:8
 Shoals (0/4) Lair:2          Orc (0/2) D:9          Bailey (visited)
  Snake: Lair:2-3    Spider: Lair:2-3     Slime: Lair:4-5

Shops:
D:7 [

Annotations:
D:8 2 transporters


Innate Abilities, Weirdness & Mutations

You have an increased reservoir of magic. (+10% MP)
You shall have no god before yourself.
Your divine heritage dramatically boosts your attributes as you level up.


Message History

The dream sheep is heavily wounded.
The dream sheep is knocked back by the mystic blast.
The mystic blast hits the dream sheep!
The dream sheep is severely wounded.
The dream sheep is knocked back by the mystic blast.
The mystic blast hits the dream sheep!
You kill the dream sheep!
The mystic blast hits the blink frog.
The blink frog is lightly wounded.
The blink frog is knocked back by the mystic blast.
You now have 1/44 mp.
Unknown command.
You rampage towards the dream sheep!
You sock the dream sheep! You burn the dream sheep.
You kill the dream sheep!
Found a scroll labelled UGAAQYNWUU.
The dream sheep ruffles its wool and motes of dream dust sparkle, to no effect.
You closely miss the dream sheep.
The dream sheep is severely wounded.
The dream sheep bites you!
* * * LOW HITPOINT WARNING * * *
You take 8 damage, and have 15/108 hp.
You thump the dream sheep! You burn the dream sheep.
You kill the dream sheep!
Unknown command.
You miss the blink frog.
The blink frog is lightly wounded.
The blink frog blinks! x2
Okay, then.
You see here a dream sheep corpse.
You rampage towards the blink frog!
The blink frog hits you.
* * * LOW HITPOINT WARNING * * *
The blink frog blinks!
You take 3 damage, and have 13/108 hp.
You rampage towards the blink frog!
You closely miss the blink frog.
The blink frog is lightly wounded.
The blink frog misses you.
The blink frog blinks!
The blink frog hits you!
You die...

.. #...# ... ######...#
...##.#.###..##
.....#..##....## ###
........#.#....# ..###..##
.........†.....##.###....#
?................###.....#
..........@F.............##
.....#.†.................#.
... #.##†##†..†...........
. ######................
#..†..............
.......#.........##.#
......##.^.......###.
......#.........P# #.
.....####.##.##### #.


You could see a blink frog.

Vanquished Creatures
  A sphinx (D:12)
  Snorg (D:12)
  Erolcha (D:12)
  3 hydras (Lair:5)
  2 centaur warriors (D:12)
  A boulder beetle (D:12)
  2 two-headed ogres
  A deep troll earth mage (D:12)
  A deep elf pyromancer (D:12)
  6 orc knights
  A manticore (D:11)
  2 cyclopes
  2 ugly things (D:12)
  3 black mambas
  A rime drake (Lair:5)
  11 cane toads
  4 komodo dragons
  The ghost of Jingleheimer the Sneak, a novice OpTm of Gozag (D:4)
  3 trolls
  9 blink frogs
  7 dream sheep (Lair:5)
  5 slime creatures (D:12)
  2 vampires (D:12)
  Sigmund (D:2)
  A shadow (D:10)
  2 basilisks (Lair:2)
  A wraith (D:11)
  4 wyverns
  36 yaks
  2 steam dragons
  Edmund (D:5)
  2 vampire mosquitoes (D:12)
  An acid dragon (D:12)
  10 water moccasins
  A sky beast (D:6)
  11 orc warriors
  A black bear (Lair:1)
  7 wolves
  8 ogres
  2 centaurs
  A phantom (D:6)
  2 kobold brigands
  11 bullfrogs
  A scorpion (D:5)
  5 wights (D:9)
  12 killer bees
  2 howler monkeys (D:9)
  3 electric eels (Lair:2)
  3 jellies
  2 hounds
  5 orc priests
  2 sleepcaps
  2 gnoll boudas
  5 iguanas
  Natasha (thrice) (D:2)
  9 orc wizards
  4 adders
  21 gnolls
  3 shadow imps (D:7)
  A worm (D:3)
  A dart slug (D:4)
  39 orcs
  14 ball pythons
  6 bats
  6 endoplasms
  4 giant cockroaches
  8 goblins
  13 hobgoblins
  4 jackals
  17 kobolds
  4 quokkas
  2 frilled lizards (D:1)
  6 rats
382 creatures vanquished.

Vanquished Creatures (others)
  An orc wizard (D:7)
1 creature vanquished.

Grand Total: 383 creatures vanquished

Notes
Turn   | Place    | Note
-------+----------+-------------------------------------------
     0 | D:1      | spardeous the Demigod Conjurer began the quest for the Orb.
     0 | D:1      | Reached XP level 1. HP: 14/14 MP: 5/5
   148 | D:1      | Reached skill level 2 in Spellcasting
   301 | D:1      | Reached XP level 2. HP: 20/20 MP: 4/7
  1628 | D:2      | Learned a level 2 spell: Searing Ray
  1673 | D:2      | Reached XP level 3. HP: 26/26 MP: 4/9
  1724 | D:2      | Noticed Sigmund
  1825 | D:2      | Killed Sigmund
  1826 | D:2      | Reached skill level 3 in Spellcasting
  1826 | D:2      | Reached skill level 5 in Conjurations
  1826 | D:2      | Reached XP level 4. HP: 33/33 MP: 4/12
  1826 | D:2      | Reached XP level 5. HP: 38/38 MP: 4/13
  1942 | D:2      | Learned a level 4 spell: Iskenderun's Mystic Blast
  2203 | D:2      | Noticed Natasha
  2206 | D:2      | Killed Natasha
  3055 | D:2      | Noticed Natasha
  3058 | D:2      | Killed Natasha
  3195 | D:2      | Noticed Natasha
  3204 | D:2      | Killed Natasha
  3205 | D:2      | Reached skill level 4 in Spellcasting
  4138 | D:3      | Reached XP level 6. HP: 45/45 MP: 10/15
  4498 | D:3      | Learned a level 2 spell: Passwall
  4642 | D:4      | Noticed a water moccasin
  4643 | D:4      | Found a transporter.
  4646 | D:4      | Noticed Jingleheimer's ghost (novice OpTm)
  4646 | D:4      | Identified the +1 great mace "Bohue" {flame, rN+}
  4648 | D:4      | Found a transporter.
  4738 | D:4      | Killed a water moccasin
  5017 | D:4      | Reached XP level 7. HP: 39/50 MP: 7/17
  5037 | D:4      | Reached skill level 5 in Spellcasting
  5526 | D:5      | Entered Level 5 of the Dungeon
  5530 | D:5      | Noticed Edmund
  5801 | D:5      | Reached skill level 1 in Translocations
  6522 | D:5      | Found a staircase to the Ecumenical Temple.
  6820 | D:5      | Killed Edmund
  6821 | D:5      | Reached skill level 5 in Translocations
  6821 | D:5      | Reached XP level 8. HP: 17/57 MP: 0/19
  9266 | D:4      | Killed Jingleheimer's ghost
  9267 | D:4      | Reached XP level 9. HP: 58/62 MP: 6/21
  9537 | D:7      | Found Sieloen's Armour Shop.
  9598 | D:7      | Reached skill level 6 in Spellcasting
 10393 | D:8      | Identified the +10 plate armour "Rocor" {rElec}
 10547 | D:8      | Noticed a cyclops
 10561 | D:8      | Killed a cyclops
 10641 | D:8      | Found a transporter.
 10733 | D:8      | Found a transporter.
 10767 | D:8      | Noticed a kobold demonologist
 10780 | D:8      | Reached skill level 7 in Spellcasting
 11031 | D:8      | Found a staircase to the Lair.
 11125 | D:9      | Identified the ring "Jeikhloni" {Wiz Fly rF- Int+8}
 11161 | D:9      | Reached skill level 1 in Throwing
 11620 | D:9      | Found a staircase to the Orcish Mines.
 11930 | D:9      | You fall into a shaft and drop 2 floors!
 12245 | D:11     | Noticed a cyclops
 12268 | D:11     | Killed a cyclops
 12269 | D:11     | Reached XP level 10. HP: 38/69 MP: 0/26
 12342 | D:11     | Reached skill level 8 in Spellcasting
 12463 | D:11     | Noticed a manticore
 12484 | D:11     | Killed a manticore
 13187 | D:10     | Entered Level 10 of the Dungeon
 13265 | D:10     | Found a flagged portal.
 13269 | D:10     | Noticed a boulder beetle
 13284 | Bailey   | Entered a bailey
 13670 | Bailey   | Noticed an orc knight
 13688 | Bailey   | Reached skill level 10 in Conjurations
 13699 | Bailey   | Killed an orc knight
 13700 | Bailey   | Reached skill level 9 in Spellcasting
 13863 | Bailey   | Noticed an orc knight
 13999 | Bailey   | Killed an orc knight
 14227 | Bailey   | Noticed an orc knight
 14244 | Bailey   | Killed an orc knight
 14477 | Bailey   | Learned a level 4 spell: Airstrike
 14936 | D:9      | Noticed a two-headed ogre
 14946 | D:9      | Killed a two-headed ogre
 14947 | D:9      | Reached XP level 11. HP: 74/74 MP: 12/29
 15528 | D:7      | Bought a +2 pair of boots of rampaging for 301 gold pieces
 15865 | D:12     | Noticed a boulder beetle
 16346 | D:12     | Killed a boulder beetle
 16347 | D:12     | Reached skill level 10 in Spellcasting
 16355 | D:12     | Noticed Snorg
 16466 | D:12     | Killed Snorg
 17080 | D:12     | Noticed a two-headed ogre
 17101 | D:12     | Killed a two-headed ogre
 17265 | D:12     | Noticed Erolcha
 17272 | D:12     | Killed Erolcha
 17485 | D:12     | Identified 3 scrolls of acquirement
 17485 | D:12     | Acquired the amulet of Jaubbeak {Reflect rF+ SH+5 Stlth+}
 17733 | D:12     | Noticed a centaur warrior
 17779 | D:12     | Killed a centaur warrior
 17780 | D:12     | Reached skill level 11 in Spellcasting
 17980 | D:12     | Noticed an orc knight
 17999 | D:12     | Noticed a deep troll earth mage
 18005 | D:12     | Killed an orc knight
 18017 | D:12     | Killed a deep troll earth mage
 18252 | D:12     | Noticed a deep elf pyromancer
 18266 | D:12     | Identified the ring "Poutyemi" {rPois rC+ rN+ Dex+2 SInv}
 18266 | D:12     | Noticed an orc knight
 18272 | D:12     | Killed an orc knight
 18272 | D:12     | Noticed a centaur warrior
 18273 | D:12     | Killed a deep elf pyromancer
 18277 | D:12     | Killed a centaur warrior
 18278 | D:12     | Reached skill level 12 in Spellcasting
 18341 | D:12     | Noticed an orc knight
 18349 | D:12     | Noticed a sphinx
 18350 | D:12     | Noticed a hell knight
 18353 | D:12     | Killed an orc knight
 18354 | D:12     | Reached XP level 12. HP: 39/81 MP: 16/32
 18358 | D:12     | Killed a sphinx
 18787 | Lair:1   | Entered Level 1 of the Lair of Beasts
 19006 | Lair:1   | Reached skill level 13 in Spellcasting
 19975 | Lair:1   | Reached skill level 5 in Dodging
 20450 | Lair:2   | Found a staircase to the Shoals.
 20520 | Lair:2   | Reached skill level 1 in Fighting
 22249 | Lair:3   | Reached skill level 5 in Fighting
 22464 | Lair:3   | You are sucked into a shaft and drop 2 floors!
 22464 | Lair:5   | Entered Level 5 of the Lair of Beasts
 22858 | Lair:5   | Learned a level 4 spell: Manifold Assault
 22860 | Lair:5   | Acquired the ring "Qymiafa" {rElec rF+ MP+9 Slay+2 SInv}
 22975 | Lair:5   | Noticed a seven-headed hydra
 22996 | Lair:5   | Killed a seven-headed hydra
 22997 | Lair:5   | Reached XP level 13. HP: 91/104 MP: 24/35
 23821 | Lair:5   | Slain by a blink frog

Illustrated notes

Levels and vault maps discovered:
D:1:      minmay_arrival_stone_box, layout_basic,
          dreamdust_ecumenical_altar_grove, chequers_mini_garden
D:2:      layout_basic, uniq_natasha, uniq_sigmund
D:3:      layout_loops_ring, dk_noncrumbling_4
D:4:      layout_basic, gammafunk_ghost_smash
D:5:      layout_basic, nicolae_gozag_cash_rules_everything_around_me,
          ashenzari_conservatory_becter, minmay_temple_entry_enclosed_plants,
          uniq_edmund
D:6:      layout_layer_cave, mainiacjoe_overflow_six_doors_small,
          reono_crystal_passage
D:7:      layout_cave_pools, fedhas_altar_3, chequers_serial_rivers_marsh,
          nicolae_stop_n_shop_2
D:8:      gammafunk_wand_slinger, layout_basic, yredelemnul_altar_generic,
          mainiacjoe_overflow_surrounded_room, lair_entry_dummy
D:9:      layout_long_grid, orc_0_dummy
D:10:     layout_gridville, enter_bailey_3
D:11:     layout_small_grid, nicolae_dithmenos_the_darkroom
D:12:     minmay_sliced_demisemicircle, layout_cross, minmay_misc_feat_square,
          minmay_strange_pillars, feat_on_display, uniq_erolcha, uniq_snorg
Lair:1:   layout_chaotic_city, beast_lair_carwin_5, grunt_megastairs_2
Lair:2:   layout_long_grid, elwin_shoals_entry_rocks, st_stairs_6,
          infiniplex_staircase_pool, serial_bayou_shore_a, serial_bayou_shore_b
Lair:3:   layout_roguey, nicolae_spider_entry_orb_guardian
Lair:5:   cheibrodos_lair_end_hotspot, layout_cellular_growth

Skill      XL: |  1  2  3  4  5  6  7  8  9 10 11 12 13 |
---------------+----------------------------------------+-----
Spellcasting   | 2 3 4 5 7 9 12 13 | 13.0
Conjurations   | 4 5 6 7 9 11 12 | 12.0
Translocations | 5 7 |  7.0
Throwing       | 1 |  1.1
Dodging        | 5 |  5.0
Fighting       | 6 8 |  8.5
Stealth        | |  1.7

Action                     |  1- 3 |  4- 6 |  7- 9 | 10-12 | 13-15 || total
---------------------------+-------+-------+-------+-------+-------++-------
  Melee: Dagger            |     6 |       |       |       |       ||     6
         Whip              |       |    13 |    29 |       |       ||    42
         Great mace        |       |       |    62 |   116 |    19 ||   197
   Cast: Magic Dart        |    57 |    95 |    20 |     5 |       ||   177
         Searing Ray       |     3 |     9 |    45 |    23 |       ||    80
         Iskenderun's Myst |       |       |    69 |   308 |    39 ||   416
  Evoke: Wand              |       |       |       |     2 |       ||     2
    Use: Scroll            |       |       |       |     9 |       ||     9
         Potion            |       |       |       |    10 |     1 ||    11
   Stab: Sleeping          |       |       |       |     2 |       ||     2
 Armour: Robe              |     4 |       |       |       |       ||     4
         Leather armour    |     2 |     5 |     2 |       |       ||     9
         Ring mail         |       |       |    31 |       |       ||    31
         Steam dragon scal |       |       |       |    65 |     7 ||    72
  Dodge: Dodged            |    19 |    20 |   185 |   285 |    19 ||   528
  Block: Other             |       |       |       |    60 |    10 ||    70
